 Dungeon Crawl Stone Soup version 0.16.1-18-g436b03c (webtiles) character file.

6 Inchmeat the Firebug (level 1, -1/15 HPs)
             Began as a Naga Fire Elementalist on May 3, 2015.
             Slain by a hobgoblin
             ... wielding a +0 club
              (2 damage)
             ... on level 1 of the Dungeon.
             The game lasted 00:01:59 (359 turns).

Inchmeat the Firebug (Naga Fire Elementalist)        Turns: 359, Time: 00:01:59

Health: -1/15      AC:  1    Str: 10    XL:     1   Next: 90%
Magic:  8/12       EV: 10    Int: 15    God:
Gold:   24         SH:  0    Dex: 11    Spells: 1 memorised, 3 levels left

rFire  . . .     SeeInvis +     i - +0 dagger
rCold  . . .     Clarity  .     a - +0 robe
rNeg   . . .     SustAb   .     (no shield)
rPois  +         Gourm    .     (no helmet)
rElec  .         Spirit   .     (no cloak)
rCorr  .         Warding  .     (no gloves)
rMut   .         Stasis   .     (no barding)
MR     .....                    (no amulet)
Stlth  ++........               (no ring)
                                k - ring of magical power

@: very slightly contaminated, very slow, not resistant to hostile enchantments,
unstealthy
A: spit poison, see invisible, deformed body, poison resistance, slowness 2
a: Spit Poison


You were on level 1 of the Dungeon.
You were not hungry.

You visited 1 branch of the dungeon, and saw 1 of its levels.

You collected 24 gold pieces.

Inventory:

Hand weapons
 i - a +0 dagger (weapon)
Armour
 a - a +0 robe (worn)
Jewellery
 k - a ring of magical power (left hand)
Scrolls
 e - a scroll of identify {unknown}
 g - a scroll of random uselessness {unknown}
 h - a scroll of blinking {unknown}
Potions
 f - a potion of ambrosia {unknown}
 l - a potion of restore abilities {unknown}
Books
 b - a book of Flames

   Spells                             Type                      Level
   a - Flame Tongue                   Conjuration/Fire             1
   b - Throw Flame                    Conjuration/Fire             2
   c - Conjure Flame                  Conjuration/Fire             3
   d - Inner Flame                    Hexes/Fire                   3
   e - Sticky Flame                   Conjuration/Fire             4
   f - Fireball                       Conjuration/Fire             5
Comestibles
 c - a bread ration
 d - a slice of pizza
 j - 2 meat rations


   Skills:
 - Level 1.5 Dodging
 - Level 3.0 Stealth
 + Level 2.1 Spellcasting
 * Level 1.1 Conjurations
 * Level 3.2 Fire Magic


You had 3 spell levels left.
You knew the following spells:

 Your Spells              Type           Power        Failure   Level  Hunger
a - Flame Tongue          Conj/Fire      #....        12%         1    #......


Dungeon Overview and Level Annotations

Branches:
Dungeon (1/15)

Altars:


Innate Abilities, Weirdness & Mutations

You cannot wear boots.
You can spit poison.
You have supernaturally acute eyesight.
Armour fits poorly on your strangely shaped body.
Your system is resistant to poisons.
You cover ground very slowly.


Message History

* * * LOW HITPOINT WARNING * * *
The hobgoblin hits you with a club.
* * * LOW HITPOINT WARNING * * *
Casting: Flame Tongue
Confirm with . or Enter, or press ? or * to list all spells.
Aiming: Flame Tongue
Press: ? - help, Shift-Dir - straight line, f/p - rat
Aim: a rat You miscast Flame Tongue.
Sparks fly from your hands! The rat bites you but does no damage.
The hobgoblin hits you with a club.
* * * LOW HITPOINT WARNING * * *
Casting: Flame Tongue
Confirm with . or Enter, or press ? or * to list all spells.
Aiming: Flame Tongue
Press: ? - help, Shift-Dir - straight line, f/p - rat
Aim: a rat The flame tongue hits the rat.
You kill the rat!
The hobgoblin hits you with a club.
You die...

##..##....##.##...#.. ....
#........(##?##..##.#..(..
#.####...>#..##...#.#....#
###.####.....................
.#..†##...##....####.........
.#.....)........##...#.......
.#......###...#.##.##.......#
.##.#..###....#.††......>...
.###...#........@g!.........
..##............#...........
#..#.######..#########.....
##...######..######## ....
#...##..##..##.....# ....
#...##..##...'..<..#
##..##..##..##.....#
##..##..'...########
##...##..##..#######


You could see a hobgoblin.

Vanquished Creatures
  A bat (D:1)
  2 hobgoblins (D:1)
  A giant newt (D:1)
  A goblin (D:1)
  A rat (D:1)
6 creatures vanquished.

Notes
Turn   | Place    | Note
--------------------------------------------------------------
     0 | D:1      | Inchmeat, the Naga Fire Elementalist, began the quest for the Orb.
     0 | D:1      | Reached XP level 1. HP: 15/15 MP: 3/3
   359 | D:1      | Slain by a hobgoblin

Action                   || total
-------------------------++-------
Melee: Dagger            ||     9
       Unarmed           ||     2
 Cast: Flame Tongue      ||     5
 Stab: Sleeping          ||     1
